 Dungeon Crawl Stone Soup version 0.22.1-2-g9c5b331383 (webtiles) character file.

1842 Jerry the Skirmisher (level 9, -1/69 (71) HPs)
             Began as a Merfolk Fighter on Nov 27, 2018.
             Slain by an orc warrior
             ... wielding a +0 long sword
              (19 damage)
             ... on level 7 of the Dungeon.
             The game lasted 00:16:08 (6516 turns).

Jerry the Skirmisher (Merfolk Fighter)              Turns: 6516, Time: 00:16:09

HP:   -1/69 (71)    AC: 10    Str: 24    XL:     9   Next: 12%
MP:   9/9           EV: 14    Int:  7    God:
Gold: 330           SH:  5    Dex: 14    Spells: 8/8 levels left

rFire    x . .     SeeInvis +   a - +1 long sword
rCold    + . .     Gourm    .   q - +0 buckler
rNeg     . . .     Faith    .   b - +0 scale mail
rPois    .         Spirit   .   n - +0 helmet
rElec    .         Reflect  .   (no cloak)
rCorr    .         Harm     .   g - +1 pair of gloves
MR       .....                  (no boots)
Stlth    ..........             w - amulet of the acrobat
HPRegen  0.21/turn              v - ring of see invisible
MPRegen  0.11/turn              h - ring of ice

@: mighty
A: change form in water, swift swim, stealthy swim
a: no special abilities


You were on level 7 of the Dungeon.
You were very hungry.

You visited 1 branch of the dungeon, and saw 7 of its levels.
You also visited: Sewer.

You collected 330 gold pieces.

Inventory:

Hand Weapons
 a - a +1 long sword (weapon)
 r - a +0 dagger of freezing
Armour
 b - a +0 scale mail (worn)
 g - a +1 pair of gloves (worn)
 n - a +0 helmet (worn)
 q - a +0 buckler (worn)
Jewellery
 h - a ring of ice (right hand)
 v - a ring of see invisible (left hand)
 w - an amulet of the acrobat (around neck)
Wands
 p - a wand of random effects (33)
 E - a wand of paralysis (32)
Scrolls
 c - a scroll of immolation
 e - 6 scrolls of identify
 i - a scroll of blinking
 k - 3 scrolls of remove curse
 m - 3 scrolls of fear
 u - a scroll of fog
 x - a scroll of magic mapping
Potions
 j - a potion of degeneration {unknown}
 l - a potion of ambrosia {unknown}
 o - a potion of invisibility {unknown}
 s - 3 potions of curing {unknown}
 t - 4 potions of mutation {unknown}
 z - 3 potions of flight {unknown}
 B - 2 potions of magic {unknown}
 C - 2 potions of heal wounds {unknown}
 D - 2 potions of haste {unknown}
Comestibles
 f - 15 rations


   Skills:
 + Level 6.5 Fighting
 + Level 6.0 Long Blades
 + Level 4.4 Armour
 + Level 6.5 Dodging
 + Level 5.9 Shields


You had 8 spell levels left.
You didn't know any spells.
Your spell library contained the following spells:

 Spells                   Type           Power        Failure   Level  Hunger
 Animate Skeleton         Necr           N/A          73%         1    ##.....
 Magic Dart               Conj           #...         73%         1    ##.....
 Pain                     Necr           #...         73%         1    ##.....
 Blink                    Tloc           N/A          86%         2    ###....
 Call Imp                 Summ           #.......     86%         2    ###....
 Slow                     Hex            #.......     86%         2    ###....
 Conjure Flame            Conj/Fire      #.......     97%         3    ####...
 Mephitic Cloud           Conj/Pois/Air  #.......     97%         3    ####...
 Regeneration             Chrm/Necr      #.........   97%         3    ####...
 Vampiric Draining        Necr           #.........   97%         3    ####...
 Animate Dead             Necr           N/A          100%        4    #####..


Dungeon Overview and Level Annotations

Branches:
Dungeon (7/15)
 Temple: D:4-7

Altars:
Makhleb
The Shining One

Shops:
D:6 %=*(


Message History

You hit the orc warrior but do no damage.
The orc warrior is heavily wounded.
The orc warrior hits you with a long sword!
You barely miss the orc warrior.
The orc warrior is heavily wounded.
The orc warrior misses you.
Your scale mail prevents you from hitting the orc warrior.
The orc warrior is heavily wounded.
The orc warrior hits you but does no damage.
You slash the orc warrior!
The orc warrior is severely wounded.
The orc warrior completely misses you.
You completely miss the orc warrior.
The orc warrior is severely wounded.
The crimson imp blinks!
The orc warrior hits you with a long sword!
* * * LOW HITPOINT WARNING * * *
You feel very mighty all of a sudden.
The orc warrior hits you with a long sword!!
You die...

#...# #...# #...#
#...# #...# #...#####
####### #.......#
....... #...###.######
....... #...#
#.@ooo5##.......
#...########5.#.......
##...# ##.#..$....
###.# #.5ooo.... #.#
###....... #.# ....)..
#.# ....... #.#
...<... #.## ###.###


You could see an orc warrior, 2 crimson imps and 2 orcs.

Vanquished Creatures
  2 sky beasts (D:6)
  An ice beast (D:5)
  A phantom (D:5)
  A necrophage (D:6)
  An ogre (D:4)
  3 centaurs
  A big kobold (Sewer)
  A bullfrog (D:6)
  A howler monkey (D:5)
  2 centaur zombies (D:6)
  A jelly (D:6)
  A bullfrog zombie (D:5)
  4 hounds
  3 orc wizards
  A bullfrog skeleton (D:5)
  4 orc priests
  An iguana (D:4)
  A centaur skeleton (D:6)
  Ijyb (D:4)
  3 worker ants
  A hound skeleton (D:3)
  A worker ant zombie (D:6)
  11 adders
  A river rat (Sewer)
  3 oozes
  An adder skeleton (D:5)
  7 worms
  3 dart slugs (D:1)
  5 leopard geckos
  8 orcs
  3 ball pythons (Sewer)
  9 giant cockroaches
  5 goblins
  8 hobgoblins
  6 jackals
  9 bats
  4 frilled lizards
  A giant cockroach zombie (D:6)
  18 kobolds
  8 rats
  A fungus (D:1)
147 creatures vanquished.

Notes
Turn   | Place    | Note
-------+----------+-------------------------------------------
     0 | D:1      | Jerry the Merfolk Fighter began the quest for the Orb.
     0 | D:1      | Reached XP level 1. HP: 18/18 MP: 1/1
   187 | D:1      | Reached XP level 2. HP: 15/24 MP: 2/2
   318 | D:1      | Reached skill level 1 in Dodging
   520 | D:1      | Reached XP level 3. HP: 15/29 MP: 3/3
  1321 | D:2      | Found a burning altar of Makhleb.
  1335 | D:2      | Reached XP level 4. HP: 28/37 MP: 4/4
  1794 | D:2      | Reached XP level 5. HP: 14/42 MP: 5/5
  2381 | D:3      | Reached XP level 6. HP: 35/48 MP: 6/6
  2969 | D:4      | Found a glowing drain.
  3032 | Sewer    | Entered a sewer
  3640 | D:4      | Noticed Ijyb
  3652 | D:4      | Paralysed by Ijyb for 4 turns
  3664 | D:4      | Killed Ijyb
  3664 | D:4      | Reached XP level 7. HP: 49/55 MP: 7/7
  4379 | D:5      | Entered Level 5 of the Dungeon
  4406 | D:5      | Reached skill level 5 in Fighting
  4710 | D:5      | Found a glowing golden altar of the Shining One.
  4935 | D:5      | Reached XP level 8. HP: 53/62 MP: 8/8
  5060 | D:5      | Reached skill level 5 in Dodging
  5060 | D:5      | Reached skill level 5 in Shields
  5120 | D:5      | Reached skill level 5 in Long Blades
  5452 | D:6      | Found Exkeufun's Jewellery Shop.
  5476 | D:6      | Found Wubbomez's General Store.
  5753 | D:6      | Found Fueskum's Antique Weapon Emporium.
  5886 | D:6      | Reached XP level 9. HP: 36/69 MP: 9/9
  6315 | D:6      | Found Qir Kig's Food Shop.
  6516 | D:7      | Slain by an orc warrior

Skill      XL: |  1  2  3  4  5  6  7  8  9 |
---------------+----------------------------+-----
Dodging        | 1 2 3 4 6 |  6.5
Long Blades    | 3 4 5 6 |  6.0
Fighting       | 4 5 6 |  6.5
Armour         | 3 4 |  4.4
Shields        | 4 5 |  5.9

Action                   |  1- 3 |  4- 6 |  7- 9 || total
-------------------------+-------+-------+-------++-------
Melee: Long sword        |   147 |   257 |   261 ||   665
       Tailslap          |       |     8 |       ||     8
  Use: Scroll            |       |     1 |    12 ||    13
       Potion            |       |       |     1 ||     1
  Eat: Chunk             |     2 |     7 |     9 ||    18
Armor: Scale mail        |    77 |   109 |    88 ||   274
Dodge: Dodged            |    50 |   141 |   148 ||   339
Block: Shield            |    86 |     4 |       ||    90
       Buckler           |       |    60 |    69 ||   129
       Rpst.: Long sword |    15 |    40 |    50 ||   105
